 Dungeon Crawl Stone Soup version 0.21.0-3-g78d12a8 (webtiles) character file.

733 BonjourVileCrotch the Thaumaturge (level 7, 0/36 HPs)
             Began as a Deep Elf Necromancer on Jan 14, 2018.
             Slain by a phantom (4 damage)
             ... on level 4 of the Dungeon.
             The game lasted 00:14:52 (5255 turns).

BonjourVileCrotch the Thaumaturge (DENe)            Turns: 5255, Time: 00:14:52

Health: 0/36       AC:  4    Str:  5    XL:     7   Next: 45%
Magic:  12/21      EV: 18    Int: 22    God:
Gold:   253        SH:  0    Dex: 15    Spells: 13/23 levels left

rFire    . . .     SeeInvis .   g - +0 short sword
rCold    . . .     Gourm    .   (no shield)
rNeg     . . .     Faith    .   a - +0 robe
rPois    +         Spirit   .   (no helmet)
rElec    .         Reflect  .   q - +0 cloak
rCorr    .         Harm     .   j - +0 pair of gloves
MR       .....                  (no boots)
Stlth    ++........             (no amulet)
HPRegen  0.12/turn              d - ring of poison resistance
MPRegen  0.17/turn              s - +5 ring of evasion (curse)

@: no status effects
A: no striking features
a: no special abilities


You were on level 4 of the Dungeon.
You were not hungry.

You visited 1 branch of the dungeon, and saw 4 of its levels.
You also visited: Sewer.

You collected 253 gold pieces.

Inventory:

Hand Weapons
 g - a +0 short sword (weapon)
Armour
 a - a +0 robe (worn)
 j - a +0 pair of gloves (worn)
 q - a +0 cloak (worn)
Jewellery
 d - a ring of poison resistance (left hand)
 s - a cursed +5 ring of evasion (right hand)
Wands
 h - a wand of disintegration (2)
Scrolls
 e - 2 scrolls of fear {unknown}
 f - 8 scrolls of identify {unknown}
 i - 2 scrolls of magic mapping {unknown}
 o - 2 scrolls of remove curse {unknown}
 u - 2 scrolls of blinking {unknown}
 v - a scroll of amnesia {unknown}
 x - a scroll of random uselessness {unknown}
Potions
 k - 2 potions of mutation {unknown}
 l - a potion of heal wounds
 m - 2 potions of resistance {unknown}
 n - 2 potions of brilliance {unknown}
 r - a potion of berserk rage {unknown}
 t - a potion of might {unknown}
 w - a potion of curing {unknown}
Books
 b - a book of Necromancy

   Spells                             Type                      Level
   a - Pain                           Necromancy                   1
   b - Animate Skeleton               Necromancy                   1
   c - Vampiric Draining              Necromancy                   3
   d - Regeneration                   Charms/Necromancy            3
   e - Animate Dead                   Necromancy                   4
   f - Borgnjor's Vile Clutch         Necromancy/Earth             5
Miscellaneous
 p - a phial of floods
Comestibles
 c - 4 rations


   Skills:
 - Level 2.4 Dodging
 - Level 2.4 Stealth
 + Level 8.6 Spellcasting
 - Level 5.9 Necromancy
 + Level 4.9 Earth Magic


You had 13 spell levels left.
You knew the following spells:

 Your Spells              Type           Power        Failure   Level  Hunger
a - Pain                  Necr           ####         1%          1    None
b - Animate Skeleton      Necr           N/A          1%          1    None
c - Vampiric Draining     Necr           #####.....   1%          3    None
d - Borgnjor's Vile Clut  Necr/Erth      ####......   21%         5    #####..


Dungeon Overview and Level Annotations

Branches:
Dungeon (4/15)
 Temple: D:4-7

Altars:
Cheibriados
Fedhas
Gozag
Nemelex Xobeh
Qazlal
Wu Jian

Annotations:
D:4 Grinder


Message History

You kill the gnoll!
Things that are here:
a gnoll corpse; a ball python corpse; a gnoll corpse Evoke which item? (* to show all) (? for menu, Esc to quit)
Aiming: Disintegrate
Press: ? - help, Shift-Dir - straight line, f - phantom
Aim: a phantom (chance to defeat MR: 48%)
The phantom is blasted.
The phantom blinks!
Evoke which item? (* to show all) (? for menu, Esc to quit)
Aiming: Disintegrate
Press: ? - help, Shift-Dir - straight line, f/p - phantom
Aim: a phantom (heavily damaged, chance to defeat MR: 48%)
The phantom resists with some effort.
The phantom hits you!
* * * LOW HITPOINT WARNING * * *
Evoke which item? (* to show all) (? for menu, Esc to quit)
Aiming: Disintegrate
Press: ? - help, Shift-Dir - straight line, f/p - phantom
Aim: a phantom (heavily damaged, chance to defeat MR: 48%)
The phantom resists with some effort.
The phantom hits you.
You die...

.. . .
.# ##
#.#...
###...#
#W).#
#@#
##.#
#..#
#.##
#.# #.#
#.# #.#
#.#


You could see a phantom.

Vanquished Creatures
  The ghost of AdmiralAndromeda the Stinger, a novice OpVM of Yredelemnul (D:4)
  2 bullfrogs (Sewer)
  A hound (D:4)
  An orc priest (D:3)
  A centaur skeleton (D:4)
  A worker ant (D:4)
  7 gnolls
  6 adders
  An ooze (D:1)
  2 worms (D:2)
  5 dart slugs
  6 leopard geckos
  7 orcs (D:3)
  15 giant cockroaches
  8 goblins
  6 hobgoblins
  2 quokkas (D:3)
  5 ball pythons
  9 bats
  5 frilled lizards
  11 kobolds
  11 rats
113 creatures vanquished.

Notes
Turn   | Place    | Note
-------+----------+-------------------------------------------
     0 | D:1      | BonjourVileCrotch the Deep Elf Necromancer began the quest for the Orb.
     0 | D:1      | Reached XP level 1. HP: 10/10 MP: 6/6
    23 | D:1      | Reached skill level 5 in Necromancy
   103 | D:1      | Reached XP level 2. HP: 13/15 MP: 5/8
   217 | D:1      | Learned a level 1 spell: Animate Skeleton
   717 | D:1      | Reached XP level 3. HP: 19/19 MP: 7/9
   886 | D:1      | Learned a level 3 spell: Vampiric Draining
  1208 | D:2      | Reached skill level 4 in Spellcasting
  1719 | D:2      | Reached XP level 4. HP: 22/24 MP: 8/12
  1948 | D:2      | Found a blossoming altar of Fedhas.
  2098 | D:2      | Found a snail-covered altar of Cheibriados.
  2226 | D:3      | Found an ornate altar of the Wu Jian Council.
  2235 | D:3      | Reached skill level 5 in Spellcasting
  2483 | D:3      | Found a glowing drain.
  2496 | Sewer    | Entered a sewer
  2841 | Sewer    | Reached skill level 6 in Spellcasting
  2843 | Sewer    | Reached XP level 5. HP: 25/28 MP: 9/15
  2863 | Sewer    | Learned a level 5 spell: Borgnjor's Vile Clutch
  3046 | Sewer    | Reached skill level 1 in Earth Magic
  3049 | Sewer    | Reached XP level 6. HP: 3/32 MP: 0/17
  3826 | D:3      | Found a sparkling altar of Nemelex Xobeh.
  4003 | D:3      | Reached skill level 7 in Spellcasting
  4135 | D:3      | Found an opulent altar of Gozag.
  4364 | D:3      | Found a stormy altar of Qazlal.
  4367 | D:3      | Noticed an air elemental
  4367 | D:3      | Noticed a water elemental
  4367 | D:3      | Noticed a fire elemental
  4886 | D:4      | Noticed AdmiralAndromeda's ghost (novice OpVM)
  4894 | D:4      | Killed AdmiralAndromeda's ghost
  4894 | D:4      | Reached skill level 8 in Spellcasting
  4894 | D:4      | Reached XP level 7. HP: 32/36 MP: 18/20
  5177 | D:4      | Noticed Grinder
  5255 | D:4      | Slain by a phantom

Skill      XL: |  1  2  3  4  5  6 |
---------------+-------------------+-----
Necromancy     | 5 |  5.9
Spellcasting   | 4 6 8 |  8.6
Earth Magic    | 2 4 |  4.9
Dodging        | |  2.4
Stealth        | |  2.4

Action                   |  1- 3 |  4- 6 |  7- 9 || total
-------------------------+-------+-------+-------++-------
Melee: Short sword       |    12 |    75 |    24 ||   111
 Cast: Pain              |    65 |   112 |    14 ||   191
       Vampiric Draining |       |     4 |     1 ||     5
Evoke: Wand              |       |    11 |     4 ||    15
  Use: Potion            |       |     1 |       ||     1
 Stab: Sleeping          |     5 |     4 |       ||     9
  Eat: Chunk             |     2 |    11 |     1 ||    14
Armor: Robe              |     4 |    25 |     2 ||    31
Dodge: Dodged            |    13 |   120 |    28 ||   161
